 Dungeon Crawl Stone Soup version 0.29-a0-359-g541a27f54d (webtiles) character file.

Game seed: 15394102768249694311

2100 enile the Magician (level 9, -1/65 HPs)
             Began as a Djinni Hedge Wizard on Apr 27, 2022.
             Was an Initiate of Ashenzari.
             Splashed by a jelly's acid (7 damage)
             ... on level 7 of the Dungeon on Apr 28, 2022.
             The game lasted 00:24:26 (12119 turns).

enile the Magician (Djinni Hedge Wizard)           Turns: 12119, Time: 00:24:27

Health: -1/65      AC: -9    Str:  7    XL:     9   Next: 52%
Gold:   179        EV: 13    Int: 22    God:    Ashenzari [......] SH:  0 Dex: 16

rFire   + + +      SeeInvis .   k - +0 quarterstaff "Wiocayco" {vorpal, rC++ Str-2 Int+2 Dex+3}
rCold   + . .      Faith    .   (shield currently unavailable)
rNeg    . . .      Spirit   .   u - +2 robe {Will+}
rPois   ∞          Reflect  .   c - +0 hat
rElec   .          Harm     .   (no cloak)
rCorr   .          Rampage  .   (no gloves)
Will    +....                   (boots unavailable)
Stlth   +++.......              (no amulet)
HPRegen 0.20/turn               g - ring of protection from fire
MPRegen 0.00/turn               (no ring)

@: corroded, flying, unable to read
A: sickness immunity, fire resistance 2, cold vulnerability 1, float, innate
caster, HP casting, extra vitality 1, deformed body, inability to read while
threatened
a: Renounce Religion


You were on level 7 of the Dungeon.
You worshipped Ashenzari.
Ashenzari was noncommittal.
You visited 2 branches of the dungeon, and saw 8 of its levels.
You also visited: Sewer.

You collected 179 gold pieces.

Inventory:

Hand Weapons
 a - a +0 dagger
 k - the +0 quarterstaff "Wiocayco" (weapon) {vorpal, rC++ Str-2 Int+2 Dex+3}
   (You found it on level 2 of the Dungeon)

   It inflicts extra damage upon your enemies.
   Str:       It affects your strength (-2).
   Int:       It affects your intelligence (+2).
   Dex:       It affects your dexterity (+3).
   rC:        It greatly protects you from cold.
 s - a +2 dagger of speed
 t - a +0 vampiric dagger
Missiles
 v - 2 atropa-tipped darts
Armour
 b - a +0 robe
 c - a +0 hat (worn)
 u - a +2 robe of willpower (worn)
Jewellery
 g - a ring of protection from fire (left hand)
Wands
 n - a wand of iceblast (1)
Scrolls
 f - a scroll of noise
 j - 2 scrolls of identify {unknown}
 m - a scroll of enchant armour {unknown}
 p - a scroll of vulnerability {unknown}
 w - a scroll of blinking
 y - 2 scrolls of holy word {unknown}
 z - a scroll of fear
 B - 2 scrolls of amnesia {unknown}
 C - a scroll of enchant weapon {unknown}
Potions
 d - a potion of ambrosia {unknown}
 e - 2 potions of berserk rage
 h - 2 potions of heal wounds {unknown}
 i - 3 potions of might {unknown}
 l - 3 potions of curing {unknown}
 o - a potion of cancellation {unknown}
 q - a potion of lignification {unknown}
 r - a potion of brilliance {unknown}
 x - a potion of flight {unknown}
 A - a potion of attraction {unknown}


   Skills:
 - Level 5.0 Fighting
 - Level 4.0 Dodging
 - Level 4.0 Stealth
 + Level 6.9 Spellcasting
 - Level 4.0 Evocations


You couldn't memorise any spells.
You knew the following spells:

 Your Spells              Type           Power      Damage    Failure   Level
a - Magic Dart            Conj           100%       1d8       1%          1
b - Blink                 Tloc           76%        N/A       1%          2
c - Call Imp              Summ           38%        N/A       1%          2
d - Slow                  Hex            100%       N/A       1%          1
e - Conjure Flame         Conj/Fire      38%        6-21      1%          3
f - Mephitic Cloud        Conj/Pois/Air  38%        N/A       1%          3
g - Beastly Appendage     Tmut           76%        N/A       1%          1
h - Ensorcelled Hibernat  Hex/Ice        76%        N/A       1%          2
i - Poisonous Vapours     Pois/Air       76%        N/A       1%          2
j - Summon Lightning Spi  Summ/Air       38%        N/A       4%          4
Your spell library was empty.

Dungeon Overview and Level Annotations

Branches:
Dungeon (7/15)             Temple (1/1) D:6           Sewer (visited)

Altars:
Ashenzari
Cheibriados
Hepliaklqana
Kikubaaqudgha
Makhleb
Nemelex Xobeh
Okawaru
Ru
Trog
Uskayaw
Wu Jian
Xom
Yredelemnul
Zin

Shops:
D:2 :   D:4 [   D:6 *


Innate Abilities, Weirdness & Mutations

You are immune to sickness and miasma.
You are immune to poison.
Your flesh is very heat resistant. (rF++)
You are vulnerable to cold. (rC-)
You float through the air rather than walking.
You learn spells naturally, not from books.
Your magical power is your life essence.
You have superior vitality. (+4 MHP)
Armour fits poorly on your strangely shaped body.
You sometimes lose the ability to read scrolls when taking damage.


Message History

The jelly quivers.
You hit the jelly.
Your hands burn!
The jelly is moderately wounded.
The jelly barely misses you. The jelly closely misses you.
You hit the jelly.
Your hands burn!
The jelly is moderately wounded.
The jelly closely misses you.
You hit the jelly.
Your hands burn!
The jelly is severely wounded.
The jelly misses you.
You hit the jelly. The acid corrodes you!
Your hands burn!
The jelly is severely wounded.
The jelly barely misses you. The jelly hits you.
You are splashed with acid!
You feel threatened and lose the ability to read scrolls!
You hit the jelly but do no damage.
Your hands burn!
The jelly is severely wounded.
The jelly hits you.
You are splashed with acid!
You are too injured to fight recklessly!
You are too injured to fight recklessly!
You are too injured to fight recklessly!
You are too injured to fight recklessly!
You are too injured to fight recklessly!
You are too injured to fight recklessly!
You are too injured to fight recklessly!
You are too injured to fight recklessly!
You hit the jelly.
Your hands burn!
The jelly is almost dead.
The jelly barely misses you.
You hit the jelly but do no damage. The acid corrodes you!
Your hands burn!
* * * LOW HITPOINT WARNING * * *
The jelly is almost dead.
The jelly hits you.
* * * LOW HITPOINT WARNING * * *
You are splashed with acid!
* * * LOW HITPOINT WARNING * * *
The jelly hits you.
* * * LOW HITPOINT WARNING * * *
The acid corrodes you!
You are splashed with acid!
You die...
Xom cackles wildly!

#.# #.# #.# #.#
#.# #.# #
#.###.#####
#####+#J@))......
#......####.##..#
+...............
#.......########
#####...........
#######.######..
................
#######.#####...
#.#


You could see a jelly.

Vanquished Creatures
  Grinder (D:6)
  A water moccasin (D:6)
  Duvessa (D:5)
  An ice beast (D:5)
  2 sky beasts
  A centaur (D:6)
  3 bullfrogs
  5 scorpions
  Dowan (D:5)
  2 howler monkeys
  3 hounds
  3 orc priests
  2 iguanas
  2 orc wizards (D:5)
  A gnoll (D:1)
  8 adders
  4 white imps
  2 ufetubi
  A worm (D:4)
  2 dart slugs
  21 orcs
  10 bats
  9 endoplasms
  11 giant cockroaches
  2 goblins
  2 hobgoblins
  6 jackals
  6 quokkas
  10 ball pythons
  9 frilled lizards
  3 kobolds
  6 rats
141 creatures vanquished.

Vanquished Creatures (collateral kills)
  An ogre (D:6)
  A scorpion (D:5)
  2 iguanas
  2 adders
  A white imp (D:5)
  A worm (D:5)
  3 orcs
  A giant cockroach (Sewer)
  3 quokkas (Sewer)
15 creatures vanquished.

Vanquished Creatures (others)
  11 plants
11 creatures vanquished.

Grand Total: 167 creatures vanquished

Notes
Turn   | Place    | Note
-------+----------+-------------------------------------------
     0 | D:1      | enile the Djinni Hedge Wizard began the quest for the Orb.
     0 | D:1      | Reached XP level 1. HP: 15/15 MP: 0/0
   257 | D:1      | Reached XP level 2. HP: 19/21 MP: 0/0
   689 | D:1      | Reached skill level 3 in Spellcasting
   903 | D:1      | Reached XP level 3. HP: 23/25 MP: 0/0
   903 | D:1      | Learned a level 1 spell: Beastly Appendage
  1431 | D:1      | Found a faded altar of an unknown god.
  1545 | D:1      | Prayed at the altar of an unknown god.
  1545 | D:1      | Became a worshipper of Xom of Chaos
  1629 | D:2      | Found Xoitt's Book Shoppe.
  1639 | D:2      | XOM: silly message
  1909 | D:2      | Identified the +0 quarterstaff "Wiocayco" {vorpal, rC++
                  | Str-2 Int+2 Dex+3}
  1947 | D:2      | Reached XP level 4. HP: 20/31 MP: 0/0
  2201 | D:2      | XOM: silly message
  2641 | D:3      | You are sucked into a shaft and drop 1 floor!
  2706 | D:4      | Reached skill level 4 in Spellcasting
  2738 | D:4      | XOM: divination: detect creatures
  2794 | D:4      | XOM: cast spell 'Cause Fear'
  2896 | D:4      | Found Kuehuk's Antique Armour Boutique.
  2950 | D:4      | Reached skill level 1 in Fighting
  2988 | D:4      | Reached XP level 5. HP: 30/37 MP: 0/0
  2988 | D:4      | Learned a level 2 spell: Ensorcelled Hibernation
  3068 | D:4      | Found a basalt altar of Yredelemnul.
  3409 | D:4      | XOM: 1-stop teleportation journey
  3436 | D:4      | Reached XP level 6. HP: 27/46 MP: 0/0
  3526 | D:4      | XOM: god gift: fizzy pink potion {god gift}
  3689 | D:4      | XOM: divination: detect items
  3770 | D:4      | XOM: potion effect (invisibility)
  4196 | D:5      | Entered Level 5 of the Dungeon
  4199 | D:5      | XOM: cast spell 'Olgreb's Toxic Radiance'
  4203 | D:5      | Reached XP level 7. HP: 48/50 MP: 0/0
  4203 | D:5      | Learned a level 2 spell: Poisonous Vapours
  4211 | D:5      | XOM: silly message
  4219 | D:5      | Reached skill level 5 in Spellcasting
  4248 | D:5      | XOM: noise
  4287 | D:5      | XOM: noise
  4441 | D:5      | Found a glowing silver altar of Zin.
  4469 | D:5      | Reached XP level 8. HP: 17/56 MP: 0/0
  4478 | D:5      | Found a glowing drain.
  4484 | D:5      | HP: 2/56 [adder (3)]
  4488 | Sewer    | Entered a sewer
  4547 | Sewer    | XOM: divination: detect creatures
  5010 | Sewer    | Reached skill level 6 in Spellcasting
  5182 | Sewer    | XOM: silly message
  5716 | D:5      | Reached skill level 5 in Fighting
  5843 | D:5      | Noticed Duvessa
  5843 | D:5      | Noticed Dowan
  6196 | D:5      | XOM: enchant monster (bad)
  6202 | D:5      | HP: 2/59 [something (5)]
  6825 | D:5      | XOM: summons 5 hostile demons
  6910 | D:4      | XOM is BORED!
  7245 | D:5      | Killed Duvessa
  7686 | D:5      | Killed Dowan
  7702 | D:5      | XOM: give mutations
  7702 | D:5      | Gained mutation: You are dopey. (Int -2) [Xom's mischief]
  7702 | D:5      | Gained mutation: You sometimes lose the ability to read
                  | scrolls when taking damage. [Xom's mischief]
  7702 | D:5      | Lost mutation: You are dopey. (Int -2) [Xom's mischief]
  7702 | D:5      | Gained mutation: Armour fits poorly on your strangely
                  | shaped body. [Xom's mischief]
  7735 | D:6      | Noticed Grinder
  7758 | D:6      | XOM: potion effect (curing)
  7773 | D:6      | Killed Grinder
  7774 | D:6      | Reached XP level 9. HP: 31/65 MP: 0/0
  7774 | D:6      | Learned a level 4 spell: Summon Lightning Spire
  8689 | D:6      | Found Runoxawn's CLEARANCE SALE!.
  9073 | D:6      | Found a staircase to the Ecumenical Temple.
  9584 | D:6      | XOM: potion effect (berserk rage)
  9771 | D:6      | XOM: 4-stop teleportation journey
  9928 | D:6      | XOM: 3-stop teleportation journey
 10615 | D:6      | XOM: divination: detect items
 10765 | D:6      | XOM: cloud trail
 10869 | D:6      | XOM: silly message
 10877 | Temple   | Entered the Ecumenical Temple
 11110 | Temple   | Fell from the grace of Xom
 11110 | Temple   | Became a worshipper of Ashenzari the Shackled
 11837 | D:7      | XOM: summons 1 hostile shadow creature
 12026 | D:7      | XOM: noise
 12119 | D:7      | Splashed by a jelly's acid

Illustrated notes

Levels and vault maps discovered:
D:1:      sevenhm_arrival_forest_fort_small_4, layout_loops_ring,
          shapermc_ecumenical_altar_petra, minmay_pentomino_p4
D:2:      layout_rooms, serial_shops, nicolae_shop_hallway_stairs,
          minmay_ruptured
D:3:      layout_basic, grunt_dithmenos_smoke_and_mirrors,
          gammafunk_temple_overflow_pools, lemuel_another_geyser
D:4:      layout_basic, mainiacjoe_overflow_cross_hatched,
          nicolae_wooded_promenade
D:5:      layout_rooms, mainiacjoe_overflow_24_doors, portal_sewer_entry_d,
          st_stairs_2, eino_small_chamber_without_monster, grunt_ministairs_6,
          uniq_duvessa
D:6:      layout_layer_cave, minmay_temple_entry_gardened_gates,
          nicolae_shop_clearance, uniq_grinder
D:7:      layout_basic, mainiacjoe_overflow_six_doors_small,
          amcnicky_mini_pool_small
Temple:   nicolae_temple_x_marks_the_god

Skill      XL: |  1  2  3  4  5  6  7  8  9 |
---------------+----------------------------+-----
Spellcasting   | 3 4 5 6 |  6.9
Fighting       | 1 3 5 |  5.0
Dodging        | 3 4 |  4.0
Stealth        | 4 |  4.0
Evocations     | 2 4 |  4.0

Action                   |  1- 3 |  4- 6 |  7- 9 || total
-------------------------+-------+-------+-------++-------
Melee: Dagger            |     8 |       |     1 ||     9
       Quarterstaff      |       |    61 |   316 ||   377
 Cast: Magic Dart        |    84 |    52 |     9 ||   145
       Call Imp          |     2 |     1 |     4 ||     7
       Mephitic Cloud    |       |     2 |     9 ||    11
       Ensorcelled Hiber |       |     1 |     6 ||     7
       Slow              |       |       |     5 ||     5
       Blink             |       |       |     7 ||     7
       Poisonous Vapours |       |       |     5 ||     5
       Summon Lightning  |       |       |     8 ||     8
Evoke: Wand              |       |       |     2 ||     2
  Use: Potion            |       |     1 |     3 ||     4
       Scroll            |       |       |    10 ||    10
 Stab: Sleeping          |       |     3 |     7 ||    10
       Distracted        |       |       |     1 ||     1
Armor: Robe              |     3 |     7 |    70 ||    80
Dodge: Dodged            |    18 |    48 |   274 ||   340

Table legend: (Time is in decaauts)
 A = Elapsed time spent in this place.
 B = Non-inter-level travel time spent in this place.
 C = Inter-level travel time spent in this place.
 D = Time resting spent in this place.
 E = Time spent auto-exploring this place.
 F = Levels seen in this place.
 G = Mean time per level.
                   A        B        C        D        E       F      G
               +--------+--------+--------+--------+--------+-----+--------+
         Total |  12266 |  11829 |    437 |   2500 |   7396 |   9 | 1362.9 |
       Dungeon |  11005 |  10575 |    430 |   2500 |   6557 |   7 | 1572.1 |
        Temple |    240 |    233 |      7 |      0 |     51 |   1 |  240.0 |
         Sewer |   1020 |   1020 |      0 |      0 |    788 |   1 | 1020.0 |
               +--------+--------+--------+--------+--------+-----+--------+

Top non-repeatable levels by time:
     D:6: 2734 daAuts
     D:5: 2668 daAuts
     D:4: 1958 daAuts
     D:1: 1629 daAuts
   Sewer: 1020 daAuts
     D:7: 1003 daAuts
     D:2: 928 daAuts
  Temple: 240 daAuts
     D:3: 82 daAuts
